 Dungeon Crawl Stone Soup version 0.25-a0-294-gea9b1ad378 (webtiles) character file.

Game seed: 9910359223408480753, levelgen mode: deterministic

196 Ceapi the Cleaver (level 5, 0/45 HPs)
             Began as a Hill Orc Berserker on Dec 17, 2019.
             Was a Believer of Trog.
             Succumbed to a worker ant's poison
             ... on level 4 of the Dungeon.
             The game lasted 00:11:45 (3642 turns).

Ceapi the Cleaver (Hill Orc Berserker)              Turns: 3642, Time: 00:11:46

Health: 0/45       AC:  4    Str: 21    XL:     5   Next: 75%
Magic:  5/5        EV: 11    Int:  7    God:    Trog [**....]
Gold:   155        SH:  0    Dex: 10    Spells: 4/4 levels left

rFire    . . .     SeeInvis .   s - +0 hand axe (elec)
rCold    . . .     Gourm    .   (no shield)
rNeg     . . .     Faith    .   i - +0 leather armour
rPois    .         Spirit   .   (no helmet)
rElec    .         Reflect  .   g - scarf {cloud immunity}
rCorr    .         Harm     .   t - +0 pair of gloves
MR       .....                  (no boots)
Stlth    +.........             (no amulet)
HPRegen  0.15/turn              (no ring)
MPRegen  0.09/turn              (no ring)

@: lethally poisoned (0 -> -10)
A: no striking features
a: Berserk, Trog's Hand, Renounce Religion


You were on level 4 of the Dungeon.
You worshipped Trog.
Trog was pleased with you.
You were not hungry.

You visited 1 branch of the dungeon, and saw 4 of its levels.

You collected 155 gold pieces.

Inventory:

Hand Weapons
 a - a +0 hand axe
 s - a +0 hand axe of electrocution (weapon)
Armour
 b - a +0 animal skin
 g - a scarf of cloud immunity (worn)
 i - a +0 leather armour (worn)
 t - a +0 pair of gloves (worn)
Jewellery
 h - an uncursed amulet of rage {unknown}
Scrolls
 e - 3 scrolls of teleportation {unknown}
 f - 6 scrolls of remove curse {unknown}
 j - 2 scrolls of enchant armour {unknown}
 k - 2 scrolls of amnesia {unknown}
 m - 3 scrolls of random uselessness {unknown}
 o - 3 scrolls of identify {unknown}
 p - a scroll of fog {unknown}
 r - 3 scrolls of enchant weapon {unknown}
Potions
 d - a potion of cancellation {unknown}
 l - 2 potions of mutation {unknown}
 n - a potion of heal wounds {unknown}
 q - a potion of flight {unknown}
 u - a potion of agility {unknown}
 v - a potion of experience {unknown}
Comestibles
 c - 8 rations


   Skills:
 - Level 3.6 Fighting
 + Level 8.2 Axes
 - Level 2.1 Armour
 - Level 1.5 Dodging


You had 4 spell levels left.
You didn't know any spells.
Your spell library was empty.

Dungeon Overview and Level Annotations

Branches:
Dungeon (4/15)
 Temple: D:4-7

Altars:
Kikubaaqudgha
Ru
Uskayaw
Xom


Message History

The worker ant is moderately wounded.
* * * LOW HITPOINT WARNING * * *
You feel sick. The worker ant bites you.
* * * LOW HITPOINT WARNING * * *
You hit the worker ant but do no damage.
The worker ant is moderately wounded.
* * * LOW HITPOINT WARNING * * *
You feel sick. The worker ant misses you.
You hit the worker ant but do no damage.
The worker ant is moderately wounded.
* * * LOW HITPOINT WARNING * * *
You feel sick. The worker ant barely misses you.
You hit the worker ant but do no damage.
The worker ant is moderately wounded.
* * * LOW HITPOINT WARNING * * *
You feel sick. The worker ant bites you.
* * * LOW HITPOINT WARNING * * *
You barely miss the worker ant.
The worker ant is moderately wounded.
You die...

##.#...# ......#
###.#..### ........
#######...#########
..........##......#
#####+#...##.####.#
#......##.####.#
#...†@.##.#<...#
#....a.##.######
#..........#
#.......######
#.........
#...$...###
#.#.....# #.#.$....
#......?..


You could see a worker ant.

Vanquished Creatures
  A crimson imp (D:2)
  A worker ant (D:4)
  8 adders
  An ooze (D:1)
  An adder skeleton (D:3)
  3 dart slugs
  2 worms (D:2)
  An orc (D:3)
  6 bats
  A giant cockroach (D:2)
  5 goblins
  3 hobgoblins
  4 jackals (D:1)
  A quokka (D:3)
  6 frilled lizards
  5 kobolds (D:3)
  6 rats
55 creatures vanquished.

Notes
Turn   | Place    | Note
-------+----------+-------------------------------------------
     0 | D:1      | Ceapi the Hill Orc Berserker began the quest for the Orb.
     0 | D:1      | Reached XP level 1. HP: 19/19 MP: 1/1
   618 | D:1      | Reached XP level 2. HP: 26/26 MP: 2/2
   727 | D:1      | Reached skill level 5 in Axes
  1169 | D:2      | Reached XP level 3. HP: 27/31 MP: 3/3
  1478 | D:2      | Reached skill level 6 in Axes
  1478 | D:2      | Reached XP level 4. HP: 39/39 MP: 4/4
  1649 | D:2      | Found a shimmering altar of Xom.
  1700 | D:2      | Reached ** piety under Trog
  1942 | D:2      | Reached skill level 7 in Axes
  2632 | D:3      | Reached XP level 5. HP: 43/45 MP: 5/5
  3045 | D:3      | Found a sacrificial altar of Ru.
  3252 | D:3      | Found a hide-covered altar of Uskayaw.
  3252 | D:3      | Found an ancient bone altar of Kikubaaqudgha.
  3459 | D:3      | Found a faded altar of an unknown god.
  3465 | D:3      | Reached skill level 8 in Axes
  3641 | D:4      | HP: 1/45 [worker ant (4)]
  3642 | D:4      | Succumbed to a worker ant's poison

Levels and vault maps discovered:
D:1:      dpeg_arrival_brainrot, layout_loops_ring
D:2:      layout_rooms, lemuel_crystal_altar, first_ration
D:3:      kennysheep_six_static_rooms, layout_loops_ring,
          nicolae_ru_awakened_eye, gammafunk_temple_overflow_wave,
          chequers_ecumenical_altar_island, minmay_hedge_maze
D:4:      layout_basic, grunt_gozag_breadcrumbs, uniq_crazy_yiuf_cottage

Skill      XL: |  1  2  3  4  5 |
---------------+----------------+-----
Axes           | 5 6 7 8 |  8.2
Fighting       | |  3.6
Armour         | |  2.1
Dodging        | |  1.5

Action                   |  1- 3 |  4- 6 || total
-------------------------+-------+-------++-------
Melee: Hand axe          |   117 |   110 ||   227
Invok: Berserk           |     1 |       ||     1
  Eat: Chunk             |     2 |     8 ||    10
Armor: Animal skin       |     7 |       ||     7
       Leather armour    |    19 |    18 ||    37
Dodge: Dodged            |    63 |    52 ||   115

Table legend:
 A = Non-vault XP
 B = Vault XP
 C = Vault XP percentage of total XP
 D = Non-vault monster count
 E = Vault monster count
 F = Vault count percentage of total count
                 A         B        C        D         E       F
            +---------+---------+-------+---------+---------+-------
      Total |     250 |      31 |  11.0 |      49 |       6 |  10.9
            +---------+---------+-------+---------+---------+-------
        D:1 |      33 |       0 |   0.0 |      15 |       0 |   0.0
        D:2 |     115 |       0 |   0.0 |      15 |       0 |   0.0
        D:3 |      68 |      31 |  31.3 |      18 |       6 |  25.0
        D:4 |      34 |       0 |   0.0 |       1 |       0 |   0.0
            +---------+---------+-------+---------+---------+-------
